 Dungeon Sprint DCSS version 0.26-a0-662-g8b9c6dab81 (webtiles) character file.

Game seed: 410618647100630613

53 sahdkjhfkaj the Covert (level 3, -6/21 HPs)
             Began as an Octopode Enchanter on Oct 10, 2020.
             Killed from afar by a deep elf mage (27 damage)
             ... with a bolt of cold
             ... in the Dungeon (Sprint III: "The Ten Rune Challenge").
             The game lasted 00:00:40 (158 turns).

sahdkjhfkaj the Covert (Octopode Enchanter)          Turns: 158, Time: 00:00:41

Health: -6/21      AC:  1    Str:  7    XL:     3   Next: 89%
Magic:  6/6        EV: 13    Int: 17    God:
Gold:   29         SH:  0    Dex: 13    Spells: 3/6 levels left

rFire    . . .     SeeInvis .   a - +1 dagger
rCold    . . .     Faith    .   (no shield)
rNeg     . . .     Spirit   .   (helmet restricted)
rPois    .         Reflect  .   (no amulet)
rElec    .         Harm     .   (no ring)
rCorr    .         Rampage  .   (no ring)
MR       .....     NoTele   +   (no ring)
Stlth    ++++++....             (no ring)
HPRegen  0.07/turn              (no ring)
MPRegen  0.10/turn              (no ring)
                                (no ring)
                                (no ring)

@: no status effects
A: almost no armour, stealthy swim, amphibious, 8 rings, constrict 8, camouflage
1, gelatinous body 1
a: no special abilities


You were in the Dungeon.
You visited 1 branch You collected 29 gold pieces.

Inventory:

Hand Weapons
 a - a +1 dagger (weapon)
Scrolls
 b - a scroll of enchant weapon {unknown}
 i - a scroll of immolation {unknown}
 j - 4 scrolls of identify
 k - 2 scrolls of remove curse {unknown}
 m - a scroll of torment {unknown}
Potions
 c - a potion of curing
 d - a potion of heal wounds
 e - a potion of haste
 f - 2 potions of magic
 g - a potion of berserk rage
 l - a potion of invisibility {unknown}
 n - a potion of resistance {unknown}
 o - 5 potions of mutation


   Skills:
 - Level 1.0 Short Blades
 - Level 2.0 Dodging
 + Level 11.0 Stealth
 - Level 2.0 Spellcasting
 - Level 3.0 Hexes


You had 3 spell levels left.
You knew the following spells:

 Your Spells              Type           Power        Failure   Level
a - Corona                Hex            ##.....      5%          1
b - Ensorcelled Hibernat  Hex/Ice        #.....       16%         2

Your spell library contained the following spells:

 Spells                   Type           Power        Failure   Level
 Confusing Touch          Hex            ##......     17%         3
 Tukima's Dance           Hex            ##......     17%         3
 Dazzling Flash           Conj/Hex       #.....       30%         3


Dungeon Overview and Level Annotations

Branches:
Dungeon (1/1)

Altars:
Elyvilon
Zin
The Shining One


Innate Abilities, Weirdness & Mutations

You cannot wear most types of armour.
You are very stealthy in the water. (Stealth+)
You are amphibious.
You can wear up to eight rings at the same time.
You can use your tentacles to constrict eight enemies at once.
Your skin changes colour to match your surroundings (Stealth+).
Your rubbery body absorbs attacks. (AC +1, EV +1)


Message History

Press: ? - help, Dir - move target cursor
As you read the scroll of blinking, it crumbles to dust.
You close the door.
You open the door.
Found a glowing silver altar of Zin.
Unknown command.
A deep elf mage comes into view.
It is wielding a +3 long sword of holy wrath.
Found a potion of curing.
Found two altars.
There is an open door here.
Unknown command.
Unknown command.
The helpless deep elf mage fails to defend itself.
You perforate the deep elf mage like a sieve!!!
You grab the deep elf mage.
The deep elf mage is almost dead.
You constrict the deep elf mage.
The deep elf mage points at you and mumbles some strange words.
The bolt of cold hits you!!
Ouch! That really hurt!
You die...

▓▓▓▓▓▓▓ ▓▓▓ ..'...♣♣♣
♣.##### ..#.....♣
♣♣.#___# ###....♣♣
♣..#e@.# ..#....≈♣♣
♣..###'#+###+
..#...≈≈.♣♣♣..#..........
.)#.)≈≈≈≈♣..♣.+.⌠........
#'#..≈≈≈≈≈≈.♣.#...######+
..#.≈≈≈≈≈≈....#.⌠.#
†.#.≈≈≈≈≈..E..#...#
..#.≈≈≈.......#+###
###...........#


You could see a deep elf mage.

Vanquished Creatures
  Crazy Yiuf (D)
  A human (D)
  An ooze (D)
  3 rats (D)
6 creatures vanquished.

Notes
Turn   | Place    | Note
-------+----------+-------------------------------------------
     0 | D        | sahdkjhfkaj the Octopode Enchanter began the quest for the
                  | Orb.
     0 | D        | Reached XP level 1. HP: 11/11 MP: 3/3
     7 | D        | Reached skill level 6 in Stealth
    16 | D        | Reached XP level 2. HP: 17/17 MP: 5/5
    23 | D        | Learned a level 2 spell: Ensorcelled Hibernation
    46 | D        | Reached skill level 9 in Stealth
    46 | D        | Reached XP level 3. HP: 17/21 MP: 1/6
    96 | D        | Noticed Crazy Yiuf
   104 | D        | Killed Crazy Yiuf
   104 | D        | Reached skill level 11 in Stealth
   146 | D        | Noticed a water elemental
   155 | D        | Found a glowing silver altar of Zin.
   156 | D        | Found a glowing golden altar of the Shining One.
   156 | D        | Found a white marble altar of Elyvilon.
   156 | D        | Noticed a deep elf mage
   158 | D        | Killed from afar by a deep elf mage

Illustrated notes

Levels and vault maps discovered:
D:        dungeon_sprint_mu [sprint_mu_entry_forest, sprint_mu_temple_rooms,
          sprint_mu_d1_spiders, sprint_mu_d2_genie, sprint_mu_d3_branching,
          sprint_mu_orc_legion, sprint_mu_elf_gauntlet, sprint_mu_hive_nellie,
          sprint_mu_lair_fedhas, sprint_mu_vaults_butterflies,
          sprint_mu_slime_circle, sprint_mu_shoals_kraken,
          sprint_mu_snake_twists, sprint_mu_blade_basic,
          sprint_mu_crypt_chambers, sprint_mu_tomb_spiral,
          sprint_mu_vestibule_basic, sprint_mu_gehenna_hellfire,
          sprint_mu_dis_giant, sprint_mu_tartarus_statrot,
          sprint_mu_cocytus_islands, sprint_mu_zot1]

Skill      XL: |  1  2  3 |
---------------+----------+-----
Stealth        | 6 9 11 | 11.0
Short Blades   | |  1.0
Dodging        | |  2.0
Spellcasting   | |  2.0
Hexes          | |  3.0

Action                   || total
-------------------------++-------
Melee: Dagger            ||    13
       Constrict         ||     2
       Tentacles         ||     1
 Cast: Ensorcelled Hiber ||     3
  Use: Scroll            ||     1
 Stab: Sleeping          ||     7
Dodge: Dodged            ||     4

Table legend: (Time is in decaauts)
 A = Elapsed time spent in this place.
 B = Non-inter-level travel time spent in this place.
 C = Inter-level travel time spent in this place.
 D = Time resting spent in this place.
 E = Time spent auto-exploring this place.
 F = Levels seen in this place.
 G = Mean time per level.
                   A        B        C        D        E       F      G
               +--------+--------+--------+--------+--------+-----+--------+
         Total |    157 |    157 |      0 |     47 |     15 |   1 |  157.0 |
       Dungeon |    157 |    157 |      0 |     47 |     15 |   1 |  157.0 |
               +--------+--------+--------+--------+--------+-----+--------+

Top non-repeatable levels by time:
       D: 157 daAuts
